 Dungeon Crawl Stone Soup version 0.32-a0-899-geb5ba95c15 (webtiles) character file.

Game seed: 13766504551086709111

4595 Kenran the Martial Artist (level 9, -2/67 HPs)
             Began as a Demigod Shapeshifter on Apr 5, 2024.
             Slain by a boulder beetle (30 damage)
             ... on level 8 of the Dungeon.
             The game lasted 00:13:02 (8458 turns).

Kenran the Martial Artist (Demigod Shapeshifter)    Turns: 8458, Time: 00:13:03

Health: -2/67      AC:  4    Str: 25    XL:     9   Next: 99%
Magic:  11/11      EV: 18    Int: 12    God:
Gold:   334        SH:  0    Dex: 21    Spells: 8/8 levels left

rFire   . .          .
                       - Unarmed
rCold   . . .        (shield currently unavailable)
rNeg    . . .        o - melded +0 steam dragon scales
rPois   .            (no helmet)
rElec   .            (no cloak)
rCorr   .            (no gloves)
SInv    .            (no boots)
Will    .....        (no amulet)
Stlth   +            a - +4 ring of protection
HPRegen 0.31/turn    z - +6 ring of strength
MPRegen 0.12/turn

%: no passive effects
@: about to teleport, flux-form, glowing
A: glow, contaminating, high MP 1, forlorn, divine attributes
a: Begin Untransformation


You were on level 8 of the Dungeon.
You were something dangerously unstable.
You visited 1 branch of the dungeon, and saw 9 of its levels.

You collected 334 gold pieces.

Inventory:

Armour
 i - a +1 helmet
 o - +0 steam dragon scales (melded)
 q - a +0 pair of boots
 v - a +0 pair of gloves
 w - a +0 cloak
Jewellery
 a - a +4 ring of protection (left hand)
 z - a +6 ring of strength (right hand)
Talismans
 c - a beast talisman
 d - a flux talisman (active)
Wands
 C - a wand of flame (18)
Scrolls
 g - 2 scrolls of blinking
 h - 3 scrolls of enchant armour
 j - 2 scrolls of poison {!r}
 k - 2 scrolls of immolation {!r}
 p - a scroll of amnesia
 s - a scroll of fog
 u - a scroll of revelation
 D - a scroll of acquirement {unknown}
Potions
 b - a potion of magic
 e - 2 potions of lignification {!q}
 f - a potion of degeneration {unknown}
 l - a potion of heal wounds {unknown}
 m - 4 potions of curing {unknown}
 n - a potion of enlightenment {unknown}
 r - a potion of attraction {unknown}
 x - a potion of haste {unknown}
 A - a potion of invisibility {unknown}
 B - a potion of berserk rage {unknown}


   Skills:
 + Level 2.3 Fighting
 - Level 3.0 Armour
 + Level 5.4 Dodging
 + Level 10.2 Unarmed Combat
 - Level 7.0 Shapeshifting


You had 8 spell levels left.
You didn't know any spells.
Your spell library contained the following spells:

 Spells                   Type           Power      Damage    Failure   Level
 Magic Dart               Conj           0%         1d3       32%         1
 Blink                    Tloc           0%         N/A       45%         2
 Call Imp                 Summ           0%         N/A       45%         2
 Cigotuvi's Dreadful Rot  Necr/Alch/Air  0%         N/A       45%         2
 Ensorcelled Hibernation  Hex/Ice        0%         N/A       45%         2
 Fugue of the Fallen      Necr           0%         N/A       69%         3
 Hailstorm                Conj/Ice       0%         3d5       69%         3
 Ozocubu's Armour         Ice            0%         N/A       69%         3
 Summon Ice Beast         Ice/Summ       0%         N/A       69%         3
 Anguish                  Hex/Necr       0%         N/A       97%         4
 Ignite Poison            Fire/Alch      0%         N/A       97%         4
 Freezing Cloud           Conj/Ice/Air   0%         6-21      100%        5
 Permafrost Eruption      Ice/Erth       0%         2x4d1     100%        6
 Sculpt Simulacrum        Ice/Alch       0%         N/A       100%        6
 Manifold Assault         Tloc           0%         N/A       100%        7


Dungeon Overview and Level Annotations

Branches:
Dungeon (9/15)             Temple (0/1) D:6            Lair (0/5) D:8
    Orc: D:9-12

Shops:
D:5 [

Annotations:
D:2 1 runed translucent door, Crazy Yiuf
D:4 3 runed translucent doors, exclusion: statue, P0WERM0DE's ghost, amateur CoCK
D:8 exclusions: downstairs and 2 oklob plants
D:9 Maurice


Innate Abilities, Weirdness & Mutations

You are something dangerously unstable.
You glow with magical radiation, making you easy to see and hit.
Foes you strike become dangerously contaminated with magical radiation.
You are incapable of wielding weapons or throwing items.
You have an increased reservoir of magic. (+10% MP)
You shall have no god before yourself.
Your divine heritage dramatically boosts your attributes as you level up.


Message History

The boulder beetle misses you. The orc misses you.
You climb upwards.
Level annotation: exclusions: downstairs and 2 oklob plants
There is a stone staircase leading down here.
Things that are here:
a +0 flail; an orc skeleton You barely miss the orc.
The boulder beetle barely misses you. The orc misses you.
You hit the orc.
The orc begins to glow.
The orc is almost dead.
The boulder beetle bites you! The orc misses you.
You punch the orc!
You kill the orc!
The boulder beetle barely misses you.
You hit the boulder beetle but do no damage.
The boulder beetle begins to glow.
You hit the boulder beetle.
The boulder beetle glows dangerously bright.
The boulder beetle is lightly wounded.
The boulder beetle bites you!!
You hit the boulder beetle.
The boulder beetle shudders as magic cascades through it.
The boulder beetle twists and deforms.
The boulder beetle is lightly wounded.
The boulder beetle bites you!
You punch the boulder beetle!
The boulder beetle begins to glow.
The boulder beetle is moderately wounded.
The boulder beetle leaps!
As you read the scroll labelled LURIMI MAWOUC, it crumbles to dust.
It is a scroll of amnesia.
You feel forgetful for a moment.
As you read the scroll labelled IHIOBA HIDEA, it crumbles to dust.
You feel strangely unstable.
It was a scroll of teleportation.
The boulder beetle stops glowing.
Your surroundings seem slightly different.
The boulder beetle curls into a ball and begins rolling!
As you read the scroll of teleportation, it crumbles to dust.
You feel strangely unstable. The boulder beetle hits you!!
You die...

.#....# #......# ......#
########...[..#
......####.....).......#
..........B..[>##......#
.##.####.#.###.##.[....# ###.#
#.#.###.........# ###.#
#...##°.........# ....#
######.○........### ....#
###..Bp........#
....#######..............#
.........................#
...........#.#...........#
...#####.#.#.#...........######
.........#.#.#..(.........÷..)#
........##.#.#...........####.#
...........#.#....######.#..#.#
....#.######.#....# #.....#.#


You could see a boulder beetle (rolling, misshapen).

Vanquished Creatures
  Pikel (D:7)
  An elephant (D:8)
  Maggie (D:8)
  A wyvern (D:9)
  4 yaks
  A golden eye (D:8)
  Duvessa (D:6)
  3 black bears
  2 sky beasts
  4 lemures (D:7)
  5 centaurs
  3 phantoms
  A kobold brigand (D:8)
  3 bullfrogs
  2 scorpions (D:5)
  Dowan (D:6)
  3 killer bees (D:8)
  A howler monkey (D:7)
  2 electric eels (D:8)
  A jelly (D:4)
  3 hounds
  2 bombardier beetles
  3 orc priests (D:5)
  3 gnoll boudas
  4 iguanas
  4 orc wizards
  7 adders
  7 gnolls
  2 shadow imps
  A white imp (D:8)
  2 ufetubi (D:7)
  2 dart slugs (D:1)
  2 ribbon worms (D:2)
  20 orcs
  11 bats
  6 endoplasms
  5 giant cockroaches
  10 goblins
  8 hobgoblins
  4 jackals (D:3)
  2 quokkas
  4 ball pythons
  5 frilled lizards
  16 kobolds
  4 rats (D:1)
178 creatures vanquished.

Notes
Turn   | Place    | Note
-------+----------+-------------------------------------------
     0 | D:1      | Kenran the Demigod Shapeshifter began the quest for the
                  | Orb.
     0 | D:1      | Reached XP level 1. HP: 15/15 MP: 3/3
     7 | D:1      | Reached skill level 1 in Fighting
    46 | D:1      | Reached skill level 3 in Unarmed Combat
    86 | D:1      | Reached XP level 2. HP: 23/23 MP: 4/4
   641 | D:1      | Reached XP level 3. HP: 24/28 MP: 5/5
   832 | D:1      | Reached skill level 4 in Unarmed Combat
  1315 | D:2      | Found a runed translucent door.
  1316 | D:2      | Noticed Crazy Yiuf
  1781 | D:3      | Reached XP level 4. HP: 35/35 MP: 6/6
  2062 | D:3      | Reached skill level 5 in Unarmed Combat
  2529 | D:4      | Found a runed translucent gate.
  2529 | D:4      | Found a runed translucent gate.
  2529 | D:4      | Found a runed translucent gate.
  2532 | D:4      | Noticed P0WERM0DE's ghost (amateur CoCK)
  2634 | D:4      | Reached XP level 5. HP: 40/40 MP: 7/7
  2814 | D:4      | Reached skill level 6 in Unarmed Combat
  3040 | D:4      | Noticed a black bear
  3048 | D:4      | Killed a black bear
  3049 | D:4      | Reached XP level 6. HP: 47/47 MP: 8/8
  3389 | D:4      | Reached skill level 7 in Unarmed Combat
  3527 | D:4      | Identified the +12 falchion "Laqicy" {freeze, *Rage rPois
                  | rF+++ Str-2}
  3968 | D:5      | Entered Level 5 of the Dungeon
  3970 | D:5      | Found Cyun's Antique Armour Boutique.
  4031 | D:5      | Reached XP level 7. HP: 48/52 MP: 9/9
  4036 | D:5      | Reached skill level 8 in Unarmed Combat
  4162 | D:5      | Reached skill level 1 in Armour
  4752 | D:6      | Noticed Duvessa
  4752 | D:6      | Noticed Dowan
  4764 | D:6      | Killed Duvessa
  4765 | D:6      | Reached XP level 8. HP: 51/59 MP: 10/10
  4768 | D:6      | Killed Dowan
  4927 | D:6      | Found a staircase to the Ecumenical Temple.
  5770 | D:7      | Noticed Pikel
  5783 | D:7      | Killed Pikel
  5784 | D:7      | Reached skill level 5 in Dodging
  5784 | D:7      | Reached skill level 9 in Unarmed Combat
  6090 | D:8      | Noticed Maggie
  6104 | D:8      | Killed Maggie
  6105 | D:8      | Reached XP level 9. HP: 62/64 MP: 11/11
  6317 | D:8      | Reached skill level 10 in Unarmed Combat
  6404 | D:8      | Reached skill level 5 in Shapeshifting
  6461 | D:8      | Found a staircase to the Lair.
  6501 | D:8      | Noticed an elephant
  6523 | D:8      | Killed an elephant
  6625 | D:8      | Identified the +6 dagger of Mekibeis {spect, Will+ Dex+3}
  6805 | D:8      | Noticed an oklob plant
  6805 | D:8      | Noticed an oklob plant
  7633 | D:9      | Noticed a boulder beetle
  8240 | D:9      | Noticed Maurice
  8458 | D:8      | Slain by a boulder beetle

Illustrated notes

Levels and vault maps discovered:
D:1:      minmay_arrival_four_circles, layout_loops_corners,
          kennysheep_small_spiral, minmay_surrounded
D:2:      layout_rooms, serial_corexii_hall, corexii_hall_statues_l,
          corexii_hall_statues_s, corexii_hall_statues_deadend,
          corexii_hall_statues_l, minmay_misc_feat_nine_boxes,
          uniq_crazy_yiuf_cottage
D:3:      layout_basic, nicolae_wu_jian_immortal_techniques,
          minmay_misc_feat_tower
D:4:      minmay_octagon_keep, layout_loops_ring, vehumet_statue,
          gammafunk_ghost_necromancy, fountainhead
D:5:      layout_rooms, serial_shops, shop
D:6:      layout_basic, minmay_temple_entry_large_hall, uniq_duvessa
D:7:      layout_gridville, uniq_pikel
D:8:      layout_basic, david_lair_generic, kennysheep_minor_cross,
          disabler_island, uniq_maggie
D:9:      layout_rooms, uniq_maurice

Skill      XL: |  1  2  3  4  5  6  7  8  9 |
---------------+----------------------------+-----
Fighting       | 1 2 |  2.3
Unarmed Combat | 3 4 5 6 7 8 9 10 | 10.2
Dodging        | 3 5 |  5.4
Armour         | 2 3 |  3.0
Shapeshifting  | 3 4 7 |  7.0

Action                     |  1- 3 |  4- 6 |  7- 9 || total
---------------------------+-------+-------+-------++-------
  Melee: Unarmed           |   137 |   150 |   315 ||   602
         Punch             |     1 |     4 |    17 ||    22
  Evoke: Wand              |       |       |     5 ||     5
    Use: Scroll            |     1 |     3 |     8 ||    12
         Potion            |       |     2 |     5 ||     7
 Armour: Scale mail        |    86 |    86 |   110 ||   282
         Animal skin       |     1 |       |       ||     1
         Skin              |       |     7 |     4 ||    11
         Steam dragon scal |       |       |    91 ||    91
  Dodge: Dodged            |    62 |    68 |   188 ||   318
   Form: Flux              |       |       |     1 ||     1

Table legend: (Time is in decaauts)
 A = Elapsed time spent in this place.
 B = Non-inter-level travel time spent in this place.
 C = Inter-level travel time spent in this place.
 D = Time resting spent in this place.
 E = Time spent auto-exploring this place.
 F = Levels seen in this place.
 G = Mean time per level.
                   A        B        C        D        E       F      G
               +--------+--------+--------+--------+--------+-----+--------+
         Total |   8388 |   8050 |    338 |   1658 |   4756 |   9 |  932.0 |
       Dungeon |   8388 |   8050 |    338 |   1658 |   4756 |   9 |  932.0 |
               +--------+--------+--------+--------+--------+-----+--------+

Top non-repeatable levels by time:
     D:8: 2149 daAuts
     D:4: 1430 daAuts
     D:1: 1015 daAuts
     D:3: 849 daAuts
     D:6: 778 daAuts
     D:7: 710 daAuts
     D:5: 658 daAuts
     D:2: 650 daAuts
     D:9: 147 daAuts
